 Dungeon Crawl Stone Soup version 0.27.1 (webtiles) character file.

Game seed: 8393466034607401473

25498 comborobin the Grappler (level 12, -10/95 HPs)
             Began as a Palentonga Warper on Aug 21, 2021.
             Was the Champion of Cheibriados.
             Killed from afar by a tengu conjurer (27 damage)
             ... with a bolt of lightning
             ... in a Gauntlet.
             The game lasted 00:30:54 (20411 turns).

comborobin the Grappler (Palentonga Warper)        Turns: 20411, Time: 00:30:54

Health: -10/95     AC: 19    Str: 35    XL:     12   Next: 90%
Magic:  18/20      EV: 15    Int: 32    God:    Cheibriados [******]
Gold:   1099       SH:  0    Dex: 27    Spells: 5/21 levels left

rFire    . . .     SeeInvis +     - Unarmed
rCold    + . .     Faith    .   (shield currently unavailable)
rNeg     . . .     Spirit   .   c - +0 acid dragon scales
rPois    .         Reflect  .   f - +0 helmet
rElec    .         Harm     .   (no cloak)
rCorr    +         Rampage  .   (gloves currently unavailable)
Will     .....     NoTele   +   (no barding)
Stlth    ++........             (no amulet)
HPRegen  0.25/turn              C - +6 ring of strength
MPRegen  0.17/turn              O - +4 ring of protection

@: blade hands, studying Evocations, curled up, very slow
A: large, rugged brown scales 3, see invisible, deformed body, roll 1, armoured
tail, reflexive curl, stinger 1, cold resistance 1
a: Rolling Charge, End Transformation, Renounce Religion, Bend Time, Temporal
Distortion, Slouch, Step From Time


You were in a Gauntlet.
You worshipped Cheibriados.
Cheibriados was exalted by your worship.
You had blades for hands.
You visited 2 branches of the dungeon, and saw 17 of its levels.
You also visited: Gauntlet.

You collected 1135 gold pieces.
You spent 36 gold pieces at shops.

Inventory:

Hand Weapons
 d - a +1 flail of venom
Missiles
 g - 3 throwing nets (quivered)
 u - 7 boomerangs
Armour
 a - a +0 leather armour
 c - +0 acid dragon scales (worn)
 f - a +0 helmet (worn)
 n - a +0 pair of gloves (melded)
 t - a +0 leather armour of cold resistance
 H - a +1 hat
Jewellery
 C - a +6 ring of strength (left blade hand)
 F - a ring of flight
 G - an amulet of guardian spirit
 M - a ring of poison resistance
 O - a +4 ring of protection (right blade hand)
Wands
 w - a wand of digging (6)
 y - a wand of iceblast (10)
 z - a wand of paralysis (1)
 J - a wand of flame (16)
 P - a wand of charming (10)
Scrolls
 b - 7 scrolls of blinking
 e - 4 scrolls of noise
 h - 4 scrolls of teleportation {unknown}
 i - 3 scrolls of identify
 o - a scroll of summoning
 p - 3 scrolls of fog {unknown}
 r - 3 scrolls of enchant armour {unknown}
 x - a scroll of enchant weapon
 B - a scroll of fear
 D - a scroll of amnesia
 E - 2 scrolls of vulnerability
 L - a scroll of acquirement {unknown}
Potions
 j - 5 potions of curing
 k - 2 potions of attraction
 m - a potion of brilliance
 q - 2 potions of invisibility
 s - a potion of flight
 v - 2 potions of cancellation
 A - 2 potions of ambrosia
 I - a potion of might
 K - a potion of magic {unknown}
 N - a potion of resistance


   Skills:
 + Level 6.5 Fighting
 - Level 0.6 Throwing
 - Level 3.6 Armour
 + Level 6.3 Dodging
 + Level 12.2 Unarmed Combat
 + Level 5.4 Spellcasting
 + Level 7.4 Translocations
 + Level 8.3 Transmutations
 + Level 7.5 Invocations
 + Level 7.7 Evocations


You had 5 spell levels left.
You knew the following spells:

 Your Spells              Type           Power      Damage    Failure   Level
b - Blink                 Tloc           N/A        N/A       11%         2
h - Passage of Golubria   Tloc           N/A        N/A       24%         4
B - Blade Hands           Tmut           29%        N/A       32%         5
M - Manifold Assault      Tloc           54%        N/A       41%         5

Your spell library contained the following spells:

 Spells                   Type           Power      Damage    Failure   Level
 Gell's Gravitas          Tloc           27%        N/A       14%         3
 Lesser Beckoning         Tloc           27%        N/A       14%         3
 Teleport Other           Tloc           54%        N/A       14%         3
 Corpse Rot               Necr/Air       N/A        N/A       43%         2
 Slow                     Hex            8%         N/A       43%         2
 Iskenderun's Mystic Bla  Conj/Tloc      32%        2d8       50%         4
 Confusing Touch          Hex            8%         N/A       58%         3
 Dazzling Flash           Conj/Hex       16%        N/A       58%         3
 Tukima's Dance           Hex            8%         N/A       58%         3
 Vampiric Draining        Necr           4%         2d6       58%         3
 Irradiate                Conj/Tmut      17%        3d19      71%         5
 Yara's Violent Unravell  Hex/Tmut       17%        3d8       71%         5
 Dispel Undead            Necr           8%         3d8       87%         4
 Summon Ice Beast         Ice/Summ       8%         N/A       87%         4
 Summon Mana Viper        Hex/Summ       8%         N/A       98%         5
 Dragon Form              Tmut           29%        N/A       98%         7
 Death Channel            Necr           4%         N/A       100%        6
 Starburst                Conj/Fire      4%         6d3       100%        6
 Monstrous Menagerie      Summ           4%         N/A       100%        7


Dungeon Overview and Level Annotations

Branches:
Dungeon (13/15)            Temple (0/1) D:7            Lair (4/6) D:10
 Shoals (0/4) Lair:3       Spider (0/4) Lair:4          Orc (0/2) D:10
Gauntlet (1/1)
 Vaults: D:13-14

Altars:
Ashenzari
Cheibriados
Dithmenos
Gozag
Kikubaaqudgha
Makhleb
Ru
Uskayaw
Vehumet
Xom
Yredelemnul
The Shining One
Beogh

Shops:
D:2 *   D:5 *

Annotations:
Gauntlet 17 transporters, exclusions: 2 downstairs and 2 orange crystal statues


Innate Abilities, Weirdness & Mutations

You have blades for hands.
Your spellcasting is less reliable in this form.
You are incapable of wielding weapons or throwing items.
You are completely covered in rugged brown scales. (AC +3, +7% HP)
You have supernaturally acute eyesight. (SInv)
Armour fits poorly on your strangely shaped body.
You can roll at nearby foes to attack.
You have a long armoured tail.
You curl defensively after being hit.
Your tail ends in a poisonous barb.
Your flesh is cold resistant. (rC+)


Message History

* * * LOW HITPOINT WARNING * * *
The tengu conjurer pecks you but does no damage.
The tengu conjurer closely misses you.
The tengu conjurer hits you but does no damage.
The tengu conjurer completely misses you.
The tengu conjurer misses you.
Unknown command.
You slash the tengu conjurer!
You kill the tengu conjurer!
Cheibriados appreciates the change of pace.
The battlesphere dissipates.
The tengu conjurer closely misses you. The tengu conjurer pecks you.
* * * LOW HITPOINT WARNING * * *
The tengu conjurer barely misses you.
Unknown command.
You closely miss the tengu conjurer.
The tengu conjurer hits you but does no damage.
The tengu conjurer barely misses you.
The tengu conjurer claws you but does no damage.
Unknown command.
You closely miss the tengu conjurer. The tengu conjurer misses you. x2
The tengu conjurer claws you but does no damage.
Unknown command.
You closely miss the tengu conjurer.
Unknown command.
You closely miss the tengu conjurer. The tengu conjurer closely misses you.
The tengu conjurer completely misses you.
The tengu conjurer barely misses you.
You slash the tengu conjurer! You tail-slap the tengu conjurer!
The tengu conjurer is poisoned.
The tengu conjurer is almost dead.
The tengu conjurer hits you.
* * * LOW HITPOINT WARNING * * *
The tengu conjurer pecks you but does no damage.
The tengu conjurer misses you.
You completely miss the tengu conjurer.
The tengu conjurer is almost dead.
The tengu conjurer gestures at you while chanting.
The bolt of lightning hits you!!
You die...

####################### ####
§≈8≈≈#©.........©.........©#≈≈8≈≈
#################################
.....#...#.#...?©}...#.##.......#
..##..#..#.#.#.....#.#.#.#.....#y
(.#..##..#.#.##...##.#.#..#...#.y
..##..#..#.#..#####..#.#...#.#..y
x.#.©##..#.#...[©....#.#...©#..yy
..##..#..#.#..##@##..#.#y..#.#..y
?.#..##.x#.#.##.*Q##.#.#yy#...#..
..##..#.X#.#.#.....#.#.#y#.....#.
.....#.xX#.#.........#.##y..y...#
##########.###########.##########
................©................
.................................
###############.∩.###############
#8# #8# #8# #...# #8# #8# #8#


You could see a tengu conjurer (poisoned) and a battlesphere.

Vanquished Creatures
  Gastronok (Lair:2)
  A centaur warrior (D:11)
  4 two-headed ogres
  A tengu warrior (Gauntlet)
  Sonja (Lair:2)
  A harpy (shapeshifter) (D:9)
  5 elephants (Lair:2)
  5 gargoyles
  8 cane toads
  3 kobold demonologists
  3 komodo dragons (Lair:3)
  A tengu conjurer (Gauntlet)
  A hornet (D:8)
  Prince Ribbit (D:6)
  Sigmund (D:3)
  A wyvern (D:8)
  24 yaks
  4 vampire mosquitoes
  Menkaure (D:5)
  An acid dragon (D:9)
  10 water moccasins
  2 ice beasts (D:6)
  4 orc warriors
  2 sky beasts (D:6)
  2 ogres
  9 centaurs
  A wolf (Lair:3)
  A phantom (D:4)
  6 bullfrogs
  A kobold brigand (D:11)
  3 gnoll sergeants
  A wyvern zombie (D:8)
  3 scorpions
  A wyvern skeleton (D:6)
  A water moccasin skeleton (D:4)
  5 killer bees (D:8)
  13 wights
  6 howler monkeys
  2 electric eels (Lair:3)
  A crimson imp (D:8)
  3 centaur zombies
  9 hounds
  11 orc priests
  2 centaur skeletons (D:7)
  4 gnoll shamans
  2 jellies
  Terence (D:3)
  2 iguanas
  11 orc wizards
  2 killer bee zombies
  A howler monkey zombie (D:6)
  31 gnolls
  2 howler monkey skeletons
  4 adders
  A shadow imp (D:7)
  2 ufetubi
  An adder zombie (D:5)
  2 worms
  8 dart slugs
  26 orcs
  4 bats (D:1)
  3 endoplasms
  2 giant cockroaches
  9 hobgoblins
  5 jackals
  3 quokkas
  7 ball pythons
  2 frilled lizards (D:2)
  9 goblins
  4 kobolds
  8 rats
323 creatures vanquished.

Vanquished Creatures (others)
  7 fungi
  20 plants
27 creatures vanquished.

Grand Total: 350 creatures vanquished

Notes
Turn   | Place    | Note
-------+----------+-------------------------------------------
     0 | D:1      | comborobin the Palentonga Warper began the quest for the
                  | Orb.
     0 | D:1      | Reached XP level 1. HP: 17/17 MP: 3/3
    15 | D:1      | Gained mutation: Your tail ends in a poisonous barb.
                  | [potion of mutation]
    15 | D:1      | Gained mutation: You possess an exceptional clarity of
                  | mind. [potion of mutation]
    15 | D:1      | Lost mutation: You possess an exceptional clarity of mind.
                  | [potion of mutation]
    15 | D:1      | Gained mutation: Your flesh is cold resistant. (rC+)
                  | [potion of mutation]
   249 | D:1      | Reached XP level 2. HP: 23/23 MP: 5/5
   375 | D:1      | Reached skill level 3 in Unarmed Combat
   876 | D:2      | Reached XP level 3. HP: 28/28 MP: 6/6
   950 | D:2      | Found Buaforer's General Store.
  1053 | D:2      | Bought a potion of lignification for 36 gold pieces
  1239 | D:2      | Reached skill level 4 in Unarmed Combat
  2101 | D:3      | Found a faded altar of an unknown god.
  2154 | D:3      | Found a snail-covered altar of Cheibriados.
  2181 | D:3      | Became a worshipper of Cheibriados the Contemplative
  2375 | D:3      | Reached XP level 4. HP: 35/35 MP: 7/7
  2932 | D:3      | Noticed Sigmund
  2939 | D:3      | Noticed Terence
  2943 | D:3      | Killed Sigmund
  2944 | D:3      | Reached skill level 6 in Unarmed Combat
  2944 | D:3      | Reached XP level 5. HP: 18/40 MP: 8/8
  2948 | D:3      | Killed Terence
  2949 | D:3      | Reached XP level 6. HP: 22/47 MP: 9/9
  3568 | D:3      | Reached skill level 7 in Unarmed Combat
  3607 | D:4      | Reached * piety under Cheibriados
  4141 | D:4      | Gained mutation: You curl defensively after being hit.
                  | [Palentonga growth]
  4141 | D:4      | Reached XP level 7. HP: 53/53 MP: 10/10
  4183 | D:4      | Reached skill level 8 in Unarmed Combat
  4350 | D:5      | Entered Level 5 of the Dungeon
  4380 | D:5      | Noticed Menkaure
  4961 | D:5      | Killed Menkaure
  5150 | D:5      | Reached XP level 8. HP: 30/62 MP: 11/11
  5241 | D:5      | Learned a level 5 spell: Blade Hands
  5276 | D:5      | Reached skill level 9 in Unarmed Combat
  5280 | D:5      | Reached ** piety under Cheibriados
  5518 | D:5      | Learned a level 2 spell: Blink
  5523 | D:5      | Learned a level 4 spell: Passage of Golubria
  6388 | D:5      | Found Munyw's General Store.
  6471 | D:5      | Reached *** piety under Cheibriados
  6836 | D:5      | Learned a level 5 spell: Blade Hands
  7240 | D:6      | Reached skill level 1 in Invocations
  7252 | D:6      | Reached skill level 10 in Unarmed Combat
  7252 | D:6      | Reached skill level 1 in Transmutations
  7252 | D:6      | Reached XP level 9. HP: 61/70 MP: 12/12
  7661 | D:6      | Noticed Prince Ribbit
  7686 | D:6      | Killed Prince Ribbit
  8169 | D:6      | Reached **** piety under Cheibriados
  8450 | D:6      | Found a basalt altar of Yredelemnul.
  8723 | D:7      | Found a radiant altar of Vehumet.
  8786 | D:7      | Reached skill level 5 in Fighting
  8787 | D:7      | Found a sacrificial altar of Ru.
  9305 | D:7      | Found a glowing golden altar of the Shining One.
  9374 | D:7      | Reached ***** piety under Cheibriados
  9635 | D:7      | Found a staircase to the Ecumenical Temple.
  9667 | D:7      | Found a hide-covered altar of Uskayaw.
  9667 | D:7      | Found a shimmering altar of Xom.
  9909 | D:8      | Noticed a gargoyle
  9909 | D:8      | Noticed a gargoyle
 10092 | D:8      | Reached skill level 1 in Evocations
 10094 | D:8      | Noticed a gargoyle
 10195 | D:7      | Killed a gargoyle
 10478 | D:7      | Killed a gargoyle
 10479 | D:7      | Reached skill level 5 in Evocations
 10479 | D:7      | Reached XP level 10. HP: 67/79 MP: 14/14
 10486 | D:7      | Killed a gargoyle
 10624 | D:8      | Noticed a gargoyle
 10638 | D:8      | Killed a gargoyle
 10865 | D:8      | Noticed a gargoyle
 10869 | D:8      | Killed a gargoyle
 10877 | D:10     | Entered Level 10 of the Dungeon
 12280 | D:8      | Found a burning altar of Makhleb.
 12480 | D:9      | Found a shadowy altar of Dithmenos.
 13045 | D:9      | Reached skill level 5 in Translocations
 13268 | D:9      | Noticed a two-headed ogre
 13280 | D:9      | Killed a two-headed ogre
 13281 | D:9      | Reached skill level 5 in Dodging
 13281 | D:9      | Reached skill level 11 in Unarmed Combat
 13433 | D:9      | Noticed a two-headed ogre
 13444 | D:9      | Killed a two-headed ogre
 13452 | D:9      | Noticed a harpy
 13452 | D:9      | an unseen horror changed into a harpy
 13459 | D:9      | Killed a harpy
 13460 | D:9      | Reached XP level 11. HP: 46/84 MP: 17/17
 13953 | D:9      | Learned a level 5 spell: Manifold Assault
 14281 | D:10     | Reached skill level 5 in Invocations
 14286 | D:10     | Found an ancient bone altar of Kikubaaqudgha.
 14303 | D:10     | Found a staircase to the Lair.
 15008 | D:10     | Found a broken altar of Ashenzari.
 15021 | D:10     | Found an opulent altar of Gozag.
 15035 | D:10     | Found a staircase to the Orcish Mines.
 15042 | D:10     | Reached skill level 5 in Transmutations
 15455 | D:11     | Noticed a centaur warrior
 15457 | D:11     | Killed a centaur warrior
 15601 | D:11     | Noticed a two-headed ogre
 15614 | D:11     | Killed a two-headed ogre
 16017 | D:11     | Reached skill level 1 in Armour
 16067 | D:11     | Noticed a two-headed ogre
 16075 | D:11     | Killed a two-headed ogre
 16076 | D:11     | Reached skill level 5 in Spellcasting
 16518 | Lair:1   | Entered Level 1 of the Lair of Beasts
 16641 | Lair:1   | Reached XP level 12. HP: 70/93 MP: 16/19
 17785 | Lair:2   | Noticed Sonja
 17791 | Lair:2   | Noticed Gastronok
 17793 | Lair:2   | Killed Sonja
 17805 | Lair:2   | Killed Gastronok
 17806 | Lair:2   | Reached skill level 12 in Unarmed Combat
 18546 | Lair:2   | Reached ****** piety under Cheibriados
 19062 | Lair:3   | Found a staircase to the Shoals.
 19985 | Lair:4   | Found a gate leading to a gauntlet.
 19994 | Gauntlet | Entered a Gauntlet
 19994 | Gauntlet | Found a transporter.
 20005 | Gauntlet | Found a transporter.
 20005 | Gauntlet | Noticed a tengu warrior
 20020 | Gauntlet | Found a transporter.
 20025 | Gauntlet | Found a transporter.
 20040 | Gauntlet | Found a transporter.
 20058 | Gauntlet | Noticed a catoblepas
 20059 | Gauntlet | Found a transporter.
 20071 | Gauntlet | Found a transporter.
 20077 | Gauntlet | Found a transporter.
 20092 | Gauntlet | Found a transporter.
 20098 | Gauntlet | Found a transporter.
 20110 | Gauntlet | Noticed a great orb of eyes
 20113 | Gauntlet | Found a transporter.
 20125 | Gauntlet | Found a transporter.
 20131 | Gauntlet | Found a transporter.
 20131 | Gauntlet | Found a transporter.
 20170 | Gauntlet | Found a transporter.
 20197 | Gauntlet | Found a transporter.
 20217 | Gauntlet | Found a transporter.
 20392 | Gauntlet | Found a transporter.
 20403 | Gauntlet | Killed a tengu warrior
 20411 | Gauntlet | Killed from afar by a tengu conjurer

Illustrated notes

Levels and vault maps discovered:
D:1:      dpeg_arrival_arbitrary_b, layout_rooms
D:2:      layout_loops_ring, serial_shops, shop
D:3:      layout_rooms, kennysheep_slug_shrine, ebering_ecumenical_altar_box,
          grunt_ministairs_7, kennysheep_generic_room_4, uniq_sigmund,
          uniq_terence
D:4:      layout_rooms
D:5:      layout_cave_pools, serial_gnoll_camp, gnoll_camp_huts_basic,
          gnoll_camp_mini_house, gnoll_camp_mini_shop, gnoll_camp_mini_hut,
          gnoll_camp_mini_hut, kennysheep_potato, uniq_menkaure
D:6:      layout_cave_pods, kennysheep_mini_moat, minmay_misc_feat_tower,
          uniq_prince_ribbit1
D:7:      layout_basic, nicolae_tso_swordbearing_angel,
          mainiacjoe_overflow_tiny_flanked, nicolae_ru_sacrificial_ziggurat,
          gammafunk_temple_overflow_elements
D:8:      cheibrodos_statue_roulette, layout_basic, makhleb_grotto_becter
D:9:      layout_roguey, grunt_dithmenos_smoke_and_mirrors, serial_glass,
          glass_columns_c, glass_columns_c, minivault_5
D:10:     layout_layer_cave, nicolae_gozag_cash_rules_everything_around_me,
          mainiacjoe_overflow_small_starburst,
          mainiacjoe_overflow_surrounded_room, lair_entry_dummy,
          minmay_orc_entry_temple_small, serial_park_tiny_pond
D:11:     layout_rooms
D:12:     layout_roguey
D:13:     layout_basic
Lair:1:   layout_cave_pods, grunt_megastairs_2
Lair:2:   layout_cave_pods, minmay_hedge_maze, chequers_serial_rivers_micro_b,
          uniq_gastronok, uniq_sonja
Lair:3:   layout_cave_shapes, minmay_shoals_entry_centaurs, beast_lair_carwin_2,
          infiniplex_staircase_pool
Lair:4:   layout_regular_city, spider_nest_entry_rubble, gauntlet_entry_generic,
          chequers_serial_rivers_small_3, lemuel_fruit_tree
Gauntlet: gammafunk_gauntlet_one_two_three [gammafunk_gauntlet_arena_split_x,
          nicolae_gauntlet_arena_x, gammafunk_gauntlet_arena_teeth,
          gammafunk_gauntlet_arena_hedges, gammafunk_gauntlet_arena_crates,
          gammafunk_gauntlet_arena_grid, nicolae_gauntlet_arena_blocks,
          gammafunk_gauntlet_arena_open, gammafunk_gauntlet_arena_mazey,
          gauntlet_exit_watery]

Skill      XL: |  1  2  3  4  5  6  7  8  9 10 11 12 |
---------------+-------------------------------------+-----
Unarmed Combat | 3 4 6 7 8 10 11 12 | 12.2
Dodging        | 2 3 4 5 6 |  6.3
Fighting       | 3 4 5 6 |  6.5
Invocations    | 1 2 4 5 7 |  7.5
Transmutations | 1 2 4 8 |  8.3
Spellcasting   | 3 4 5 |  5.4
Translocations | 4 5 6 7 |  7.4
Evocations     | 5 7 |  7.7
Armour         | 2 3 |  3.6
Throwing       | |  0.6

Action                   |  1- 3 |  4- 6 |  7- 9 | 10-12 || total
-------------------------+-------+-------+-------+-------++-------
Melee: Unarmed           |   146 |    82 |   346 |   411 ||   985
       Tailslap          |     8 |    12 |    57 |    95 ||   172
       Punch             |     1 |       |    19 |    45 ||    65
Throw: Boomerang         |       |       |       |     5 ||     5
 Cast: Blink             |       |       |     1 |       ||     1
       Blade Hands       |       |       |       |    17 ||    17
Invok: Slouch            |       |       |       |     2 ||     2
 Abil: Rolling Charge    |     1 |     2 |    29 |    40 ||    72
Evoke: Wand              |       |       |     6 |    18 ||    24
  Use: Potion            |     2 |     2 |     4 |     3 ||    11
       Scroll            |       |     6 |     3 |     8 ||    17
 Stab: Fleeing           |       |     4 |       |       ||     4
       Paralysed         |       |       |    12 |    34 ||    46
       Sleeping          |       |       |       |     1 ||     1
Armor: Leather armour    |    55 |    22 |    96 |    18 ||   191
       Skin              |     6 |     3 |       |    31 ||    40
       Acid dragon scale |       |       |       |   135 ||   135
Dodge: Dodged            |    72 |    43 |   220 |   225 ||   560
